 Dungeon Crawl Stone Soup version 0.27-a0-1083-gcf8293e1eb (webtiles) character file.

Game seed: 13157223611402821400

155 Gaff the Magician (level 5, -1/35 HPs)
             Began as a Djinni Air Elementalist on Apr 26, 2021.
             Was a Believer of Lugonu.
             Slain by a gnoll
             ... wielding a +0 flail
              (7 damage)
             ... on level 3 of the Dungeon.
             The game lasted 00:09:05 (3901 turns).

Gaff the Magician (Djinni Air Elementalist)         Turns: 3901, Time: 00:09:05

Health: -1/35      AC:  3    Str:  7    XL:     5   Next: 37%
Gold:   103        EV: 12    Int: 18    God:    Lugonu [**....] SH:  0 Dex: 13

rFire    + + .     SeeInvis .   o - +2 dagger (speed)
rCold    x . .     Faith    .   (no shield)
rNeg     . . .     Spirit   .   a - +0 robe
rPois    ∞         Reflect  .   (no helmet)
rElec    .         Harm     .   k - +0 cloak
rCorr    .         Rampage  .   (no gloves)
Will     .....                  (boots unavailable)
Stlth    ++........             (no amulet)
HPRegen  0.11/turn              i - ring of wizardry
MPRegen  0.00/turn              (no ring)

@: sluggish, flying, very slow
A: fire resistance 2, cold vulnerability 1, float, innate caster, hp casting,
extra vitality 1
a: Renounce Religion, Depart the Abyss, Bend Space


You were on level 3 of the Dungeon.
You worshipped Lugonu.
Lugonu was pleased with you.
You visited 1 branch of the dungeon, and saw 4 of its levels.

You collected 103 gold pieces.

Inventory:

Hand Weapons
 f - a +0 short sword
 o - a +2 dagger of speed (weapon)
Missiles
 b - 3 datura-tipped darts
Armour
 a - a +0 robe (worn)
 e - a +0 leather armour
 k - a +0 cloak (worn)
Jewellery
 i - a ring of wizardry (left hand)
Scrolls
 h - 2 scrolls of identify {unknown}
 l - a scroll of immolation {unknown}
 m - a scroll of amnesia {unknown}
 p - a scroll of holy word {unknown}
Potions
 c - 2 potions of ambrosia {unknown}
 d - a potion of curing {unknown}
 g - a potion of might {unknown}
 j - a potion of invisibility {unknown}
 n - a potion of lignification {unknown}


   Skills:
 + Level 0.0 Fighting
 + Level 2.3 Armour
 - Level 2.2 Dodging
 - Level 1.6 Stealth
 * Level 4.4 Spellcasting
 + Level 0.1 Invocations


You couldn't memorise any spells.
You knew the following spells:

 Your Spells              Type           Power      Damage    Failure   Level
a - Shock                 Conj/Air       76%        1d7       1%          1
b - Static Discharge      Conj/Air       19%        N/A       1%          2
c - Swiftness             Air            19%        N/A       2%          3
d - Airstrike             Air            9%         N/A       9%          4
e - Lightning Bolt        Conj/Air       9%         1d22      26%         5
f - Pain                  Necr           76%        1d7       1%          1
g - Passwall              Tmut/Erth      15%        N/A       1%          2
Your spell library was empty.

Dungeon Overview and Level Annotations

Branches:
Dungeon (4/15)
 Temple: D:4-7

Altars:
Lugonu

Annotations:
D:4 Edmund


Innate Abilities, Weirdness & Mutations

You are immune to poison.
Your flesh is very heat resistant. (rF++)
You are vulnerable to cold. (rC-)
You float through the air rather than walking.
You learn spells naturally, not from books.
Your magical power is your life essence.
You have superior vitality. (+4 HP)


Message History

The gnoll shaman is heavily wounded.
The gnoll barely misses you.
Aiming: Shock (safe; 1% risk of failure)
Press: ? - help, Q - select action, (/) - cycle Shift-Dir - straight line, f - gnoll
Aim: a gnoll, wielding a +0 spear (moderately wounded, 75% to hit)
The zap misses the gnoll.
The zap hits the gnoll.
The gnoll is severely wounded.
The zap hits the gnoll.
The gnoll is heavily wounded.
The gnoll hits you from afar with a +3 halberd!
The gnoll hits you from afar with a +3 halberd.
* * * LOW HITPOINT WARNING * * *
Casting: Shock (safe; 1% risk of failure)
Confirm with . or Enter, or press ? or * to list all spells.
You feel quick.
* * * LOW HITPOINT WARNING * * *
The gnoll shaman calls upon its god to speed up the gnoll.
The gnoll seems to speed up.
The gnoll completely misses you.
The gnoll shaman calls upon its god to heal the gnoll.
The gnoll is healed somewhat.
There is an open door here.
You see here a ball python corpse.
You start to feel a little slower.
You feel sluggish.
There is a stone staircase leading up here.
The gnoll hits you with a +0 flail.
* * * LOW HITPOINT WARNING * * *
You fly upwards.
There is a stone staircase leading down here.
Casting: Swiftness (dangerous; 2% risk of failure)
Confirm with . or Enter, or press ? or * to list all spells.
Aiming: Pain (safe; 1% risk of failure)
Press: ? - help, Shift-Dir - straight line, f - gnoll
Aim: a gnoll, wielding a +0 flail (lightly wounded, fast, chance to affect: 84%)
The gnoll writhes in agony.
* * * LOW HITPOINT WARNING * * *
The gnoll hits you with a +0 flail.
* * * LOW HITPOINT WARNING * * *
The gnoll hits you with a +0 flail!
You die...

### ###### ..# #....# ..# #....#
..# #....# ##### ..#
#....#####...# ..#
#######......##..... ..##
##.....######........ ...## ###
##.......## ##....... ....###.#
#...g@....# ##...... ....##..#
#.⌠.....⌠.# ##..... ..#....##
#.........# #...... ###...###
#...⌠.)..## #...).. ##....#
#.......## #...... #..#.#
##..#..(## ##.....
####....###..###...# ####....
.#...#.......#####.# #...###.
...............###)#######...##..


You could see a gnoll (fast).

Vanquished Creatures
  3 orc wizards
  2 adders (D:2)
  3 worms
  A dart slug (D:3)
  7 orcs (D:3)
  5 ball pythons
  5 bats
  2 endoplasms
  A giant cockroach (D:2)
  3 goblins
  5 hobgoblins
  5 kobolds
  3 quokkas
  A frilled lizard (D:1)
  A rat (D:1)
47 creatures vanquished.

Notes
Turn   | Place    | Note
-------+----------+-------------------------------------------
     0 | D:1      | Gaff the Djinni Air Elementalist began the quest for the
                  | Orb.
     0 | D:1      | Reached XP level 1. HP: 15/15 MP: 0/0
   161 | D:1      | Reached skill level 3 in Spellcasting
   242 | D:1      | Found a faded altar of an unknown god.
   346 | D:1      | Became a worshipper of Lugonu the Unformed
   346 | D:1      | Reached * piety under Lugonu
   346 | D:1      | Reached ** piety under Lugonu
   444 | D:1      | Reached XP level 2. HP: 19/21 MP: 0/0
  1595 | D:2      | Reached skill level 1 in Armour
  1595 | D:2      | Reached XP level 3. HP: 18/25 MP: 0/0
  1595 | D:2      | Learned a level 1 spell: Pain
  2544 | D:3      | Reached XP level 4. HP: 21/31 MP: 0/0
  2550 | D:3      | Reached skill level 4 in Spellcasting
  3147 | D:2      | Reached XP level 5. HP: 19/35 MP: 0/0
  3147 | D:2      | Learned a level 2 spell: Passwall
  3845 | D:4      | Noticed Edmund
  3901 | D:3      | Slain by a gnoll

Illustrated notes

Levels and vault maps discovered:
D:1:      matt_arrival_diagonals, layout_basic,
          hellmonk_ecumenical_altar_heavens_door
D:2:      layout_loops_ring
D:3:      layout_rooms, grunt_ministairs_9
D:4:      layout_basic, lemuel_doored_altar, minmay_circle_x, uniq_edmund

Skill      XL: |  1  2  3  4 |
---------------+-------------+-----
Spellcasting   | 3 4 |  4.4
Armour         | 1 2 |  2.3
Dodging        | |  2.2
Stealth        | |  1.6
Invocations    | |  0.1

Action                   |  1- 3 |  4- 6 || total
-------------------------+-------+-------++-------
Melee: Short sword       |     4 |       ||     4
 Cast: Shock             |    65 |    34 ||    99
       Static Discharge  |     4 |    10 ||    14
       Pain              |       |     1 ||     1
       Swiftness         |       |     1 ||     1
Armor: Robe              |     1 |       ||     1
Dodge: Dodged            |     6 |     3 ||     9

Table legend: (Time is in decaauts)
 A = Elapsed time spent in this place.
 B = Non-inter-level travel time spent in this place.
 C = Inter-level travel time spent in this place.
 D = Time resting spent in this place.
 E = Time spent auto-exploring this place.
 F = Levels seen in this place.
 G = Mean time per level.
                   A        B        C        D        E       F      G
               +--------+--------+--------+--------+--------+-----+--------+
         Total |   3898 |   3750 |    148 |   1329 |   1986 |   4 |  974.5 |
       Dungeon |   3898 |   3750 |    148 |   1329 |   1986 |   4 |  974.5 |
               +--------+--------+--------+--------+--------+-----+--------+

Top non-repeatable levels by time:
     D:2: 1428 daAuts
     D:1: 1296 daAuts
     D:3: 1078 daAuts
     D:4: 94 daAuts
